 Dungeon Crawl Stone Soup version 0.30-a0-4-ga7cffc901d (webtiles) character file.

Game seed: 14296936472108941271

80 SensoryNuts the Trooper (level 4, -1/29 HPs)
             Began as a Gargoyle Fighter on Aug 21, 2022.
             Slain by Pikel
             ... wielding a +0 whip of flaming
              (2 damage)
             ... on level 4 of the Dungeon.
             The game lasted 00:03:06 (2643 turns).

SensoryNuts the Trooper (Gargoyle Fighter)          Turns: 2643, Time: 00:03:08

Health: -1/29      AC: 15    Str: 19 (22) XL:     4   Next: 39%
Magic:  4/4        EV:  5    Int:  6 (8)  God:
Gold:   162        SH:  4    Dex:  7 (9)  Spells: 3/3 levels left

rFire   . . .      SeeInvis +    a - +0 war axe
rCold   . . .      Faith    .    c - +0 buckler
rNeg    + . .      Spirit   .    m - +0 plate armour
rPois   ∞          Reflect  .    (no helmet)
rElec   +          Harm     .    (no cloak)
rCorr   .          Rampage  .    (no gloves)
Will    .....                    (no boots)
Stlth   ..........               (no amulet)
HPRegen 0.09/turn                g - ring of see invisible
MPRegen 0.09/turn                (no ring)

@: no status effects
A: sickness immunity, AC +3, negative energy resistance 1, electricity
resistance, torment resistance 1, petrification resistance
a: no special abilities


You were on level 4 of the Dungeon.
You visited 1 branch of the dungeon, and saw 4 of its levels.

You collected 162 gold pieces.

Inventory:

Hand Weapons
 a - a +0 war axe (weapon)
Armour
 b - a +0 scale mail
 c - a +0 buckler (worn)
 l - a scarf of resistance
 m - a +0 plate armour (worn)
Jewellery
 g - a ring of see invisible (left hand)
 j - an amulet of faith
 o - a ring of protection from cold
 q - a +6 ring of intelligence
 r - a +6 ring of intelligence
Scrolls
 d - 2 scrolls of identify
 e - a scroll of vulnerability
 i - 3 scrolls of immolation
 k - a scroll of noise {unknown}
Potions
 f - a potion of attraction
 h - a potion of heal wounds


   Skills:
 + Level 4.2 Fighting
 + Level 2.6 Axes
 + Level 3.6 Armour
 + Level 0.2 Dodging
 + Level 0.2 Stealth
 + Level 3.7 Shields


You had 3 spell levels left.
You didn't know any spells.
Your spell library contained the following spells:

 Spells                   Type           Power      Damage    Failure   Level
 Poisonous Vapours        Pois/Air       0%         N/A       100%        2
 Corpse Rot               Necr/Pois/Air  0%         N/A       100%        4
 Chain Lightning          Conj/Air       0%         N/A       100%        9
 Fire Storm               Conj/Fire      0%         5d1       100%        9
 Shatter                  Erth           0%         3d5*      100%        9


Dungeon Overview and Level Annotations

Branches:
Dungeon (4/15)
 Temple: D:4-7

Altars:
Nemelex Xobeh
Qazlal
Xom

Annotations:
D:4 Pikel


Innate Abilities, Weirdness & Mutations

You are immune to sickness and miasma.
Your stone body is resilient. (AC +3)
You are immune to poison.
You resist negative energy. (rN+)
You are resistant to electric shocks. (rElec)
You are resistant to unholy torment.
You are immune to petrification.


Message History

You barely miss Pikel.
Pikel is lightly wounded.
You block Pikel's attack.
Pikel hits you with a +0 whip of flaming.
* * * LOW HITPOINT WARNING * * *
Pikel burns you.
* * * LOW HITPOINT WARNING * * *
You feel much better. Pikel barely misses you.
You hit Pikel.
Pikel is moderately wounded.
Pikel barely misses you.
You closely miss Pikel.
Pikel is lightly wounded.
Pikel hits you but does no damage.
You closely miss Pikel.
Pikel is lightly wounded.
Pikel hits you but does no damage. x2
You barely miss Pikel.
Pikel is lightly wounded.
Pikel hits you with a +0 whip of flaming.
Pikel burns you.
You slash Pikel!
Pikel is moderately wounded.
Pikel hits you but does no damage. x2
You closely miss Pikel.
Pikel is moderately wounded.
Pikel hits you with a +0 whip of flaming.
Pikel burns you.
You miss Pikel.
Pikel is moderately wounded.
Pikel hits you with a +0 whip of flaming.
Pikel burns you.
* * * LOW HITPOINT WARNING * * *
You barely miss Pikel.
Pikel is moderately wounded.
Pikel hits you but does no damage.
Pikel hits you with a +0 whip of flaming!
* * * LOW HITPOINT WARNING * * *
Pikel burns you.
You die...

#.# #.# #.# #.# #.#
##### #.# #...#
#########.####...###
...........#.......#
#..##.@...........#####
#K#...#...........#
#.##.####....####.# ..
#.# #.........# ### #.#
####.###..# #.# #.#
#..# ... #.####.# ..
#......# ###.##.#


You could see Pikel.

Vanquished Creatures
  2 lemures (D:4)
  An adder (D:2)
  3 worms
  A dart slug (D:1)
  An orc (D:3)
  6 bats
  7 endoplasms
  2 giant cockroaches
  6 goblins
  2 hobgoblins (D:3)
  9 jackals
  4 kobolds
  3 ball pythons
  4 frilled lizards
  4 rats
55 creatures vanquished.

Vanquished Creatures (others)
  20 plants (D:3)
20 creatures vanquished.

Grand Total: 75 creatures vanquished

Notes
Turn   | Place    | Note
-------+----------+-------------------------------------------
     0 | D:1      | SensoryNuts the Gargoyle Fighter began the quest for the
                  | Orb.
     0 | D:1      | Reached XP level 1. HP: 14/14 MP: 1/1
    97 | D:1      | Reached XP level 2. HP: 13/19 MP: 2/2
   564 | D:2      | Identified the +0 robe of Emizaxza {Rampage rF+ rN++}
   654 | D:2      | Reached skill level 4 in Fighting
   654 | D:2      | Reached XP level 3. HP: 24/24 MP: 3/3
  1276 | D:3      | Reached XP level 4. HP: 11/29 MP: 4/4
  1590 | D:3      | Found a stormy altar of Qazlal.
  1701 | D:3      | Found a sparkling altar of Nemelex Xobeh.
  2100 | D:3      | Found a faded altar of an unknown god.
  2322 | D:4      | Found a shimmering altar of Xom.
  2396 | D:4      | Noticed a lemure
  2399 | D:4      | Noticed a lemure
  2417 | D:4      | Killed a lemure
  2432 | D:4      | Killed a lemure
  2627 | D:4      | Noticed Pikel
  2643 | D:4      | HP: 1/29 [Pikel/+0 whip of flaming (8)]
  2643 | D:4      | Slain by Pikel

Illustrated notes

Levels and vault maps discovered:
D:1:      pf_arrival_petrified_forest, layout_rooms
D:2:      layout_basic, chequers_decorated_corner
D:3:      layout_loops_ring, mainiacjoe_overflow_catch_the_wave,
          dreamdust_ecumenical_altar_hidden_monk_grotto, st_stairs_14
D:4:      layout_loops_corners, xom_butterflies, minmay_hedge_maze, uniq_pikel

Skill      XL: |  1  2  3 |
---------------+----------+-----
Fighting       | 4 |  4.2
Axes           | 2 |  2.6
Armour         | |  3.6
Dodging        | |  0.2
Stealth        | |  0.2
Shields        | |  3.7

Action                   |  1- 3 |  4- 6 || total
-------------------------+-------+-------++-------
Melee: War axe           |   120 |    82 ||   202
  Use: Potion            |     5 |     3 ||     8
       Scroll            |     5 |       ||     5
Armor: Scale mail        |    62 |    23 ||    85
       Plate armour      |       |    32 ||    32
Dodge: Dodged            |    48 |    23 ||    71
Block: Buckler           |    22 |    13 ||    35

Table legend: (Time is in decaauts)
 A = Elapsed time spent in this place.
 B = Non-inter-level travel time spent in this place.
 C = Inter-level travel time spent in this place.
 D = Time resting spent in this place.
 E = Time spent auto-exploring this place.
 F = Levels seen in this place.
 G = Mean time per level.
                   A        B        C        D        E       F      G
               +--------+--------+--------+--------+--------+-----+--------+
         Total |   2708 |   2589 |    119 |      0 |   2116 |   4 |  677.0 |
       Dungeon |   2708 |   2589 |    119 |      0 |   2116 |   4 |  677.0 |
               +--------+--------+--------+--------+--------+-----+--------+

Top non-repeatable levels by time:
     D:3: 1109 daAuts
     D:2: 710 daAuts
     D:1: 550 daAuts
     D:4: 339 daAuts
